[ AOE2 MATCH · #473129662 ]
UnrankedPersians vs Burmese
Player's team · WIN
Rival team · LOSS
[ REPLAY ANALYSIS · EXTRACTED FROM THE RECORDED GAME ]
Feudal
8:34
Castle
21:29
Imperial
—
| APM avg | 50.5 |
| APM peak | 77 |
| eAPM avg | 23.2 |
| Villagers / military | 82 / 66 |
Focus
⚔️ 55.0% · 🌾 45.0%
Archer ×54 · Knight ×5 · Battering Ram ×3 · Monk ×2 · Mangonel ×2
Feudal
9:15
Castle
21:24
Imperial
—
| APM avg | 54.3 |
| APM peak | 91 |
| eAPM avg | 23.4 |
| Villagers / military | 76 / 104 |
Focus
⚔️ 39.0% · 🌾 61.0%
Archer ×77 · Monk ×11 · Arambai ×8 · Militia ×4 · Mangonel ×2 · Spearman ×1
Match map
Initial resources + every placement click. Lines = walls · curves = elevation contours. ◆ gold · ⬟ stone · ● berries · ✦ relic · ◌ wall gap
Your base· Open — opponent sealed themselves in
WoS Sunless's base· ✓ Closed at 21:24 · 29t walls · no gate
Smoothed initial terrain · ◌ = detected wall gap · hover for details
Inputs per minute
— Puttsson - - WoS Sunless
Build order — Puttsson
First 150 of 242 actions detected
| 0:00 | Create | Villager (Male) ×5 |
| 0:01 | Build | House |
| 0:02 | Build | House |
| 1:20 | Create | Villager (Male) |
| 1:47 | Build | Lumber Camp |
| 2:05 | Create | Villager (Male) |
| 2:05 | Create | Villager (Male) |
| 2:17 | Create | Villager (Male) |
| 2:44 | Create | Villager (Male) |
| 3:04 | Create | Villager (Male) |
| 3:39 | Build | House |
| 3:51 | Create | Villager (Male) |
| 4:18 | Build | Mill |
| 4:31 | Create | Villager (Male) |
| 4:45 | Create | Villager (Male) |
| 5:05 | Create | Villager (Male) |
| 5:06 | Create | Villager (Male) |
| 5:24 | Research | Loom |
| 6:24 | Research | Feudal Age |
| 6:46 | Build | Lumber Camp |
| 7:09 | Build | Palisade Wall |
| 7:13 | Build | Palisade Wall |
| 7:14 | Build | Palisade Wall |
| 7:23 | Create | Villager (Male) |
| 7:40 | Build | Barracks |
| 7:50 | Create | Villager (Male) |
| 8:01 | Build | House |
| 8:16 | Create | Villager (Male) |
| 8:34 | Age | Feudal Age |
| 8:35 | Build | Archery Range |
| 8:52 | Research | Double-Bit Axe |
| 8:55 | Create | Villager (Male) |
| 9:12 | Build | Mining Camp |
| 9:28 | Create | Archer |
| 9:31 | Create | Villager (Male) |
| 9:45 | Create | Villager (Male) |
| 9:48 | Build | House |
| 9:56 | Build | Palisade Wall |
| 10:03 | Build | Palisade Wall |
| 10:09 | Create | Archer |
| 10:17 | Build | House |
| 10:22 | Build | Palisade Wall |
| 10:30 | Build | Palisade Wall |
| 10:44 | Create | Villager (Male) |
| 10:54 | Create | Villager (Male) |
| 10:55 | Build | Farm |
| 10:57 | Build | Farm |
| 11:02 | Create | Villager (Male) |
| 11:13 | Build | Blacksmith |
| 11:20 | Build | Farm |
| 11:27 | Build | Farm |
| 11:29 | Build | Palisade Wall |
| 11:34 | Create | Archer |
| 11:44 | Build | Farm |
| 11:49 | Build | Farm |
| 11:51 | Create | Archer |
| 11:55 | Create | Villager (Male) |
| 11:58 | Build | House |
| 11:59 | Build | Palisade Wall |
| 12:06 | Create | Archer |
| 12:08 | Build | Farm |
| 12:33 | Create | Villager (Male) |
| 12:48 | Create | Villager (Male) |
| 13:03 | Create | Villager (Male) |
| 13:05 | Build | Farm |
| 13:15 | Build | Farm |
| 13:18 | Create | Archer |
| 13:25 | Build | House |
| 13:28 | Build | House |
| 13:47 | Create | Archer |
| 14:06 | Research | Fletching |
| 14:07 | Create | Villager (Male) |
| 14:07 | Create | Villager (Male) |
| 14:11 | Build | Farm |
| 14:12 | Build | Farm |
| 14:18 | Create | Villager (Male) |
| 14:25 | Build | Palisade Wall |
| 14:26 | Build | Palisade Wall |
| 14:30 | Create | Villager (Male) |
| 14:31 | Create | Archer |
| 14:36 | Build | House |
| 14:37 | Build | Palisade Wall |
| 14:42 | Create | Villager (Male) |
| 14:49 | Build | Farm |
| 14:52 | Build | Farm |
| 14:53 | Build | Farm |
| 14:54 | Build | Farm |
| 14:57 | Build | Farm |
| 14:57 | Create | Archer |
| 15:15 | Create | Villager (Male) |
| 15:17 | Build | House |
| 15:20 | Create | Villager (Male) |
| 15:36 | Build | Farm |
| 15:39 | Build | Farm |
| 15:40 | Create | Villager (Male) |
| 15:48 | Build | Farm |
| 16:01 | Research | Wheelbarrow |
| 16:11 | Create | Archer |
| 16:14 | Create | Villager (Male) |
| 16:19 | Research | Town Watch |
| 16:20 | Research | Wheelbarrow |
| 16:25 | Create | Villager (Male) |
| 16:32 | Build | House |
| 16:49 | Build | House |
| 16:53 | Build | House |
| 16:55 | Build | Palisade Wall |
| 17:02 | Build | House |
| 17:08 | Create | Villager (Male) |
| 17:22 | Create | Archer |
| 17:25 | Build | Palisade Wall |
| 17:29 | Create | Villager (Male) |
| 17:44 | Build | Farm |
| 18:00 | Create | Villager (Male) |
| 18:53 | Build | Lumber Camp |
| 19:04 | Research | Castle Age |
| 19:10 | Create | Archer |
| 19:10 | Create | Archer |
| 19:25 | Create | Archer |
| 19:27 | Research | Padded Archer Armor |
| 19:32 | Build | Archery Range |
| 20:06 | Create | Archer |
| 20:07 | Create | Archer |
| 20:14 | Build | House |
| 20:15 | Build | House |
| 20:16 | Build | House |
| 20:49 | Create | Archer |
| 20:49 | Create | Villager (Male) |
| 20:53 | Create | Archer |
| 21:05 | Build | Stable |
| 21:12 | Build | House |
| 21:29 | Age | Castle Age |
| 21:30 | Research | Bodkin Arrow |
| 21:33 | Research | Crossbowman (upgrade) |
| 21:44 | Create | Villager (Male) |
| 21:47 | Build | University |
| 21:52 | Create | Archer |
| 21:52 | Create | Archer |
| 21:53 | Create | Villager (Male) |
| 21:54 | Research | Bow Saw |
| 21:55 | Research | Bow Saw |
| 22:10 | Create | Villager (Male) |
| 22:11 | Create | Villager (Male) |
| 22:40 | Create | Villager (Male) |
| 22:44 | Create | Archer |
| 23:11 | Create | Archer |
| 23:11 | Create | Archer |
| 23:18 | Research | Leather Archer Armor |
| 23:25 | Create | Archer |
| 23:38 | Create | Archer |
| 23:50 | Create | Villager (Male) |
Build order — WoS Sunless
First 150 of 274 actions detected
| 0:00 | Create | Villager (Male) |
| 0:00 | Create | Villager (Male) |
| 0:02 | Build | House |
| 0:04 | Build | House |
| 0:17 | Create | Villager (Male) |
| 0:18 | Create | Villager (Male) |
| 1:24 | Create | Villager (Male) |
| 1:54 | Build | Lumber Camp |
| 2:04 | Create | Villager (Male) |
| 2:12 | Create | Villager (Male) |
| 2:44 | Create | Villager (Male) |
| 3:06 | Create | Villager (Male) |
| 3:23 | Build | House |
| 3:24 | Build | House |
| 3:36 | Create | Villager (Male) |
| 4:05 | Create | Villager (Male) |
| 4:14 | Create | Villager (Male) |
| 4:40 | Build | Mill |
| 4:58 | Create | Villager (Male) |
| 5:07 | Create | Villager (Male) |
| 5:38 | Create | Villager (Male) |
| 6:11 | Create | Villager (Male) |
| 6:34 | Create | Villager (Male) |
| 6:34 | Research | Loom |
| 7:04 | Research | Feudal Age |
| 7:11 | Build | Barracks |
| 8:11 | Build | Mining Camp |
| 8:12 | Create | Militia |
| 8:12 | Create | Militia |
| 8:13 | Create | Militia |
| 8:18 | Create | Villager (Male) |
| 8:34 | Create | Militia |
| 8:39 | Create | Villager (Male) |
| 9:15 | Age | Feudal Age |
| 9:17 | Build | House |
| 9:20 | Research | Man-at-Arms (upgrade) |
| 9:33 | Build | House |
| 9:34 | Create | Spearman |
| 9:45 | Build | House |
| 9:55 | Build | Palisade Wall |
| 10:03 | Build | Farm |
| 10:05 | Build | Farm |
| 10:11 | Build | Archery Range |
| 10:30 | Build | Farm |
| 10:33 | Build | Farm |
| 10:43 | Build | Palisade Wall |
| 10:51 | Create | Villager (Male) |
| 10:53 | Create | Archer |
| 10:53 | Create | Archer |
| 11:06 | Build | Farm |
| 11:28 | Build | Farm |
| 11:30 | Create | Villager (Male) |
| 11:38 | Build | Palisade Wall |
| 11:40 | Build | Palisade Wall |
| 11:44 | Build | Mill |
| 12:00 | Create | Villager (Male) |
| 12:03 | Build | Farm |
| 12:05 | Create | Archer |
| 12:05 | Create | Archer |
| 12:17 | Build | Palisade Wall |
| 12:20 | Create | Archer |
| 12:25 | Create | Villager (Male) |
| 12:32 | Build | Farm |
| 12:52 | Create | Villager (Male) |
| 13:00 | Create | Villager (Male) |
| 13:05 | Build | Farm |
| 13:10 | Create | Archer |
| 13:19 | Create | Archer |
| 13:23 | Create | Villager (Male) |
| 13:36 | Create | Archer |
| 13:50 | Create | Villager (Male) |
| 14:05 | Create | Villager (Male) |
| 14:06 | Create | Archer |
| 14:08 | Build | Farm |
| 14:11 | Build | Farm |
| 14:18 | Create | Villager (Male) |
| 14:20 | Build | House |
| 14:21 | Create | Villager (Male) |
| 14:31 | Create | Villager (Male) |
| 14:35 | Build | Farm |
| 14:39 | Build | House |
| 14:45 | Create | Archer |
| 15:20 | Build | Blacksmith |
| 15:23 | Build | Palisade Wall |
| 15:29 | Create | Villager (Male) |
| 15:33 | Create | Archer |
| 15:33 | Create | Archer |
| 15:49 | Create | Villager (Male) |
| 15:50 | Create | Archer |
| 16:00 | Build | House |
| 16:03 | Create | Archer |
| 16:08 | Research | Fletching |
| 16:21 | Build | Palisade Wall |
| 16:34 | Create | Villager (Male) |
| 16:38 | Create | Archer |
| 16:49 | Create | Villager (Male) |
| 16:50 | Build | Farm |
| 16:51 | Build | Farm |
| 17:05 | Create | Villager (Male) |
| 17:07 | Build | Farm |
| 17:24 | Create | Villager (Male) |
| 17:32 | Create | Archer |
| 18:44 | Research | Castle Age |
| 18:51 | Build | Archery Range |
| 19:00 | Build | Lumber Camp |
| 19:18 | Create | Archer |
| 19:52 | Build | Lumber Camp |
| 19:58 | Create | Archer |
| 20:03 | Create | Archer |
| 20:05 | Create | Archer |
| 20:12 | Create | Archer |
| 20:15 | Research | Padded Archer Armor |
| 20:32 | Create | Archer |
| 20:48 | Create | Archer |
| 20:52 | Create | Villager (Male) |
| 20:53 | Create | Villager (Male) |
| 21:03 | Build | Market |
| 21:08 | Create | Archer |
| 21:24 | Age | Castle Age |
| 21:26 | Research | Crossbowman (upgrade) |
| 21:31 | Create | Villager (Male) |
| 21:34 | Build | University |
| 21:43 | Research | Bodkin Arrow |
| 21:52 | Build | House |
| 21:54 | Create | Villager (Male) |
| 21:57 | Build | Palisade Wall |
| 22:00 | Create | Villager (Male) |
| 22:12 | Create | Archer |
| 22:12 | Create | Archer |
| 22:44 | Research | Ballistics |
| 22:54 | Create | Archer |
| 22:54 | Create | Archer |
| 23:10 | Create | Villager (Male) |
| 23:10 | Create | Villager (Male) |
| 23:13 | Create | Archer |
| 23:13 | Create | Archer |
| 23:18 | Build | Palisade Wall |
| 23:23 | Create | Villager (Male) |
| 23:33 | Create | Villager (Male) |
| 23:42 | Build | Town Center |
| 23:55 | Create | Archer |
| 23:55 | Create | Archer |
| 23:56 | Create | Villager (Male) |
| 24:11 | Create | Archer |
| 24:11 | Create | Archer |
| 24:18 | Create | Villager (Male) |
| 24:20 | Create | Archer |
| 24:21 | Create | Archer |
| 24:29 | Create | Villager (Male) |
| 24:33 | Build | Farm |
Match timeline
| 7:09 | Puttsson · wall_segment Palisade Wall x1 |
| 7:11 | WoS Sunless · first_building Barracks |
| 7:13 | Puttsson · wall_segment Palisade Wall x1 |
| 7:14 | Puttsson · wall_segment Palisade Wall x1 |
| 7:40 | Puttsson · first_building Barracks |
| 8:34 | Puttsson · age_up feudal |
| 8:35 | Puttsson · first_building Archery Range |
| 9:15 | WoS Sunless · age_up feudal |
| 9:55 | WoS Sunless · wall_segment Palisade Wall x4 |
| 9:56 | Puttsson · wall_segment Palisade Wall x1 |
| 10:03 | Puttsson · wall_segment Palisade Wall x1 |
| 10:11 | WoS Sunless · first_building Archery Range |
| 10:22 | Puttsson · wall_segment Palisade Wall x3 |
| 10:30 | Puttsson · wall_segment Palisade Wall x1 |
| 10:43 | WoS Sunless · wall_segment Palisade Wall x5 |
| 11:29 | Puttsson · wall_segment Palisade Wall x1 |
| 11:38 | WoS Sunless · wall_segment Palisade Wall x2 |
| 11:40 | WoS Sunless · wall_segment Palisade Wall x1 |
| 11:59 | Puttsson · wall_segment Palisade Wall x6 |
| 12:17 | WoS Sunless · wall_segment Palisade Wall x7 |
| 14:25 | Puttsson · wall_segment Palisade Wall x2 |
| 14:26 | Puttsson · wall_segment Palisade Wall x4 |
| 14:37 | Puttsson · wall_segment Palisade Wall x2 |
| 15:23 | WoS Sunless · wall_segment Palisade Wall x9 |
| 16:21 | WoS Sunless · wall_segment Palisade Wall x1 |
| 16:55 | Puttsson · wall_segment Palisade Wall x1 |
| 17:25 | Puttsson · wall_segment Palisade Wall x3 |
| 21:05 | Puttsson · first_building Stable |
| 21:24 | WoS Sunless · age_up castle |
| 21:29 | Puttsson · age_up castle |
| 21:57 | WoS Sunless · wall_segment Palisade Wall x1 |
| 22:42 | WoS Sunless · first_market_sell 100 food |
| 23:18 | WoS Sunless · wall_segment Palisade Wall x1 |
| 23:56 | Puttsson · first_building Siege Workshop |
| 25:00 | WoS Sunless · first_building Monastery |
| 25:41 | Puttsson · first_building Monastery |
| 29:08 | WoS Sunless · first_building Siege Workshop |
| 29:18 | Puttsson · first_market_sell 100 food |
| 31:53 | WoS Sunless · first_building Castle |
| 35:27 | WoS Sunless · resign |
[ AI ANALYSIS · 1 CREDIT ]
What really happened in this match?
Wolo.gg analyzes every decision: build order, eco, micro, common mistakes by bracket. Personalized analysis on WhatsApp or Discord in 30 seconds.
Civ guide
Persians
Perfil
Puttsson